 Dungeon Crawl Stone Soup version 0.23.1-41-g7e51ed3 (webtiles) character file.

Game seed: 13427146083287941258

11655 snowfan the Arsonist (level 11, -21/54 HPs)
             Began as a Deep Elf Fire Elementalist on Mar 29, 2019.
             Was an Elder of Vehumet.
             Demolished by a polar bear (27 damage)
             ... on level 1 of the Lair of Beasts.
             The game lasted 01:08:09 (11450 turns).

snowfan the Arsonist (Deep Elf Fire Elementalist)  Turns: 11450, Time: 01:08:09

Health: -21/54     AC:  8    Str:  5    XL:     11   Next: 52%
Magic:  26/34      EV: 13    Int: 24    God:    Vehumet [****..]
Gold:   674        SH:  5    Dex: 15    Spells: 7/26 levels left

rFire    + . .     SeeInvis .   b - +1 hunting sling
rCold    . . .     Gourm    .   j - +0 buckler
rNeg     . . .     Faith    .   N - +1 robe of Jyzuv {Regen+ rCorr Dex+4}
rPois    +         Spirit   .   f - +1 hat
rElec    .         Reflect  .   C - +2 cloak
rCorr    +         Harm     .   (no gloves)
MR       +....                  K - +0 pair of boots
Stlth    ++........             A - amulet of the acrobat
HPRegen  0.58/turn              P - ring of Xykut {*Contam +Fly rPois rF+ Dex-4}
MPRegen  0.24/turn              t - ring of magical power

@: no status effects
A: no striking features
a: Renounce Religion, Evoke Flight


You were on level 1 of the Lair of Beasts.
You worshipped Vehumet.
Vehumet was greatly pleased with you.
You were not hungry.

You visited 3 branches of the dungeon, and saw 12 of its levels.
You also visited: Ossuary.

You collected 674 gold pieces.

Inventory:

Hand Weapons
 b - a +1 hunting sling (weapon)
 p - a +2 quarterstaff of chaos
Missiles
 d - 40 stones
 s - 82 sling bullets (quivered)
Armour
 f - a +1 hat (worn)
 j - a +0 buckler (worn)
 C - a +2 cloak (worn)
 K - a +0 pair of boots (worn)
 N - the +1 robe of Jyzuv (worn) {Regen+ rCorr Dex+4}
   (You found it on level 7 of the Dungeon)

   It affects your dexterity (+4).
   It increases your rate of regeneration.
   It provides partial protection from all sources of acid and corrosion.
Jewellery
 l - an uncursed amulet of guardian spirit
 q - a +2 amulet of reflection
 t - a ring of magical power (right hand)
 A - an amulet of the acrobat (around neck)
 M - an uncursed ring of protection from fire
 P - the ring of Xykut (left hand) {*Contam +Fly rPois rF+ Dex-4}
   (You found it on level 8 of the Dungeon)

   [ring of protection from fire]

   It affects your dexterity (-4).
   It protects you from fire.
   It protects you from poison.
   It lets you fly.
   It causes magical contamination when unequipped.
Wands
 a - a wand of random effects (19)
 v - a wand of digging (4)
 O - a wand of iceblast (29)
 Q - a wand of polymorph (7)
Scrolls
 g - 2 scrolls of random uselessness
 i - 2 scrolls of amnesia
 n - a scroll of immolation {unknown}
 r - 2 scrolls of enchant weapon
 x - 2 scrolls of fear {unknown}
 y - a scroll of enchant armour {unknown}
 B - 2 scrolls of teleportation
 E - 3 scrolls of remove curse
 G - 2 scrolls of magic mapping {unknown}
 J - a scroll of fog {unknown}
 L - a scroll of identify
Potions
 e - 4 potions of haste
 h - 5 potions of flight
 m - 4 potions of curing
 o - 3 potions of brilliance
 u - a potion of might {unknown}
 w - 2 potions of invisibility {unknown}
 z - 3 potions of lignification {unknown}
 D - 2 potions of magic {unknown}
 F - a potion of berserk rage {unknown}
 H - 2 potions of heal wounds {unknown}
 I - 3 potions of agility {unknown}
Comestibles
 c - 18 rations


   Skills:
 - Level 2.4 Dodging
 - Level 2.4 Stealth
 - Level 4.0 Shields
 - Level 8.2 Spellcasting
 - Level 9.9 Conjurations
 - Level 6.0 Hexes
 + Level 13.2 Fire Magic
 - Level 6.1 Evocations


You had 7 spell levels left.
You knew the following spells:

 Your Spells              Type           Power        Failure   Level  Hunger
a - Flame Tongue          Conj/Fire      #####        1%          1    None
b - Sandblast             Erth           #.....       1%          1    None
c - Sticky Flame          Conj/Fire      ######..     1%          4    ##.....
d - Conjure Flame         Conj/Fire      ######..     1%          3    None
f - Fireball              Conj/Fire      ######....   1%          5    #####..
s - Throw Flame           Conj/Fire      ######       1%          2    None
x - Inner Flame           Hex/Fire       ######..     1%          3    None

Your spell library contained the following spells:

 Spells                   Type           Power        Failure   Level  Hunger
 Stone Arrow              Conj/Erth      ####..       1%          3    None
 Confusing Touch          Hex            #####.       1%          1    None
 Sting                    Conj/Pois      ####         1%          1    None
 Mephitic Cloud           Conj/Pois/Air  ####....     1%          3    None
 Animate Skeleton         Necr           N/A          6%          1    None
 Apportation              Tloc           #.....       6%          1    None
 Summon Small Mammal      Summ           #...         6%          1    None
 Venom Bolt               Conj/Pois      ####......   6%          5    #####..
 Poisonous Vapours        Pois/Air       #.....       10%         2    None
 Olgreb's Toxic Radiance  Pois           #.......     17%         4    ##.....


Dungeon Overview and Level Annotations

Branches:
Dungeon (10/15)            Temple (1/1) D:7            Lair (1/6) D:10
    Orc: D:9-12

Altars:
Dithmenos
Elyvilon
Makhleb
Nemelex Xobeh
Okawaru
Qazlal
Ru
Trog
Vehumet
Wu Jian
Yredelemnul
Zin
The Shining One


Message History

Aiming: Flame Tongue (safe; 1% risk of failure)
Press: ? - help, Shift-Dir - straight line, f/p - polar bear
Aim: a polar bear (almost dead, berserk, fast, unusually strong)
The flame tongue hits the polar bear.
The polar bear is almost dead.
The polar bear bites you!!
* * * LOW HITPOINT WARNING * * *
The polar bear barely misses you.
The polar bear claws you but does no damage.
Casting: Flame Tongue (safe; 1% risk of failure)
Confirm with . or Enter, or press ? or * to list all spells.
Aiming: Sticky Flame (safe; 1% risk of failure)
Press: ? - help, Shift-Dir - straight line, f/p - polar bear
Aim: a polar bear (almost dead, berserk, fast, unusually strong)
The sticky flame hits the polar bear.
The polar bear is almost dead.
The polar bear is covered in liquid flames!
The polar bear burns!
The polar bear bites you!!
Ouch! That really hurt!
You die...

#### ♣♣P...### ####
#..#♣♣♣P..♣.#.####P##
##..♣P...P♣..........
#......P♣♣#.##.#P...
#..♣.P♣♣♣...........
#...............#...
#.......+.......#...
#.......######.#....
#..@................
#..h..###...........
#....#...#..........
##....#......####.###
#P....#......P# #.#
#.....'......####.#
##....#...#..# #..#
#.....####..# ##.#
#...........# #..#


You could see a polar bear (berserk).

Vanquished Creatures
  A two-headed ogre (D:10)
  Pikel (D:9)
  A black mamba (Lair:1)
  Psyche (D:9)
  2 spiny frogs (Lair:1)
  6 polar bears (Lair:1)
  A hippogriff (Lair:1)
  A spriggan (D:7)
  Sigmund (D:3)
  4 yaks (D:9)
  2 wraiths
  A wyvern (D:10)
  A hungry ghost (D:9)
  A water moccasin (D:6)
  2 porcupines
  5 orc warriors
  2 sky beasts
  A necrophage (D:7)
  An ice beast (D:9)
  4 slaves (D:9)
  An eye of draining (D:10)
  9 black bears
  3 phantoms
  6 ogres
  6 wolves (Lair:1)
  A crocodile (Lair:1)
  3 centaurs
  A big kobold (D:10)
  13 bullfrogs
  4 scorpions
  14 killer bees
  A howler monkey (D:5)
  A jelly (D:8)
  4 crimson imps
  A centaur zombie (D:8)
  A bullfrog zombie (D:10)
  Crazy Yiuf (D:3)
  A hound (D:4)
  3 bullfrog skeletons
  A centaur skeleton (D:8)
  4 orc priests
  An iguana (D:8)
  9 worker ants
  8 orc wizards
  A hound zombie (D:8)
  A hound skeleton (D:8)
  A mummy (Ossuary)
  A howler monkey skeleton (D:5)
  5 adders
  A gnoll (D:1)
  A shadow imp (D:7)
  2 worms (D:2)
  3 dart slugs
  4 leopard geckos
  27 orcs
  4 giant cockroaches
  5 goblins
  5 hobgoblins
  13 jackals
  6 quokkas
  A ball python (D:5)
  7 bats
  A frilled lizard (D:5)
  7 gnoll skeletons (Ossuary)
  A goblin zombie (D:7)
  3 hobgoblin zombies (D:7)
  14 kobolds
  8 kobold skeletons (Ossuary)
  A leopard gecko skeleton (D:8)
  11 orc skeletons
  A quokka skeleton (D:4)
  3 rats (D:2)
  A fungus (Lair:1)
  2 plants (Lair:1)
277 creatures vanquished.

Vanquished Creatures (others)
  4 plants (Lair:1)
4 creatures vanquished.

Grand Total: 281 creatures vanquished

Notes
Turn   | Place    | Note
-------+----------+-------------------------------------------
     0 | D:1      | snowfan the Deep Elf Fire Elementalist began the quest for
                  | the Orb.
     0 | D:1      | Reached XP level 1. HP: 10/10 MP: 6/6
   114 | D:1      | Reached XP level 2. HP: 12/15 MP: 4/8
  1145 | D:2      | Reached XP level 3. HP: 19/19 MP: 7/10
  1302 | D:2      | Reached skill level 1 in Shields
  1765 | D:2      | Reached XP level 4. HP: 24/24 MP: 6/11
  1936 | D:2      | Found a radiant altar of Vehumet.
  1979 | D:2      | Became a worshipper of Vehumet
  2120 | D:3      | Learned a level 4 spell: Sticky Flame
  2120 | D:3      | Noticed Sigmund
  2147 | D:3      | Killed Sigmund
  2147 | D:3      | Reached XP level 5. HP: 18/28 MP: 4/13
  2226 | D:3      | Found a runed translucent door.
  2227 | D:3      | Noticed Crazy Yiuf
  2235 | D:3      | Learned a level 3 spell: Conjure Flame
  2257 | D:3      | Killed Crazy Yiuf
  2364 | D:3      | Reached XP level 6. HP: 32/32 MP: 14/14
  2383 | D:3      | Learned a level 3 spell: Inner Flame
  2605 | D:3      | Reached skill level 4 in Fire Magic
  3070 | D:4      | Learned a level 2 spell: Throw Flame
  3217 | D:4      | Found a stormy altar of Qazlal.
  3288 | D:4      | Reached skill level 5 in Fire Magic
  3529 | D:4      | Reached * piety under Vehumet
  3529 | D:4      | Offered knowledge of Sandblast by Vehumet.
  3529 | D:4      | Reached XP level 7. HP: 36/36 MP: 16/16
  3589 | D:4      | Found an ornate altar of the Wu Jian Council.
  3641 | D:4      | Reached skill level 5 in Spellcasting
  3946 | D:5      | Entered Level 5 of the Dungeon
  4195 | D:5      | Found a sacrificial altar of Ru.
  4369 | D:5      | Reached skill level 6 in Fire Magic
  5027 | D:6      | Reached XP level 8. HP: 13/41 MP: 18/18
  5322 | D:6      | Reached skill level 5 in Conjurations
  5371 | D:6      | Learned a level 1 spell: Sandblast
  5377 | D:6      | Learned a level 5 spell: Fireball
  5522 | D:6      | Reached skill level 7 in Fire Magic
  5895 | D:6      | Reached ** piety under Vehumet
  5895 | D:6      | Offered knowledge of Searing Ray by Vehumet.
  6061 | D:7      | Found a sand-covered staircase.
  6066 | Ossuary  | Entered an ossuary
  6080 | Ossuary  | Reached skill level 1 in Hexes
  6385 | Ossuary  | Offered knowledge of Throw Frost by Vehumet.
  6519 | D:7      | Found a glowing golden altar of the Shining One.
  6541 | D:7      | Reached skill level 5 in Hexes
  6591 | D:7      | Reached *** piety under Vehumet
  6811 | D:7      | Reached XP level 9. HP: 43/45 MP: 20/20
  6824 | D:7      | Got a faintly glowing robe
  6835 | D:7      | Identified the +1 robe of Jyzuv {Regen+ rCorr Dex+4} (You
                  | found it on level 7 of the Dungeon)
  7140 | D:7      | Found a burning altar of Makhleb.
  7150 | D:7      | Reached skill level 8 in Fire Magic
  7187 | D:7      | Found a glowing silver altar of Zin.
  7188 | D:7      | Noticed an angel
  7188 | D:7      | Noticed a blizzard demon
  7462 | D:7      | Found a staircase to the Ecumenical Temple.
  7470 | Temple   | Entered the Ecumenical Temple
  7886 | D:7      | Found a sparkling altar of Nemelex Xobeh.
  8062 | D:8      | Found a basalt altar of Yredelemnul.
  8117 | D:8      | Found a bloodstained altar of Trog.
  8224 | D:8      | Offered knowledge of Airstrike by Vehumet.
  8316 | D:8      | Reached skill level 9 in Fire Magic
  8472 | D:8      | Got a pitted brass ring
  8476 | D:8      | Identified the ring of Xykut {*Contam +Fly rPois rF+ Dex-4}
                  | (You found it on level 8 of the Dungeon)
  8634 | D:8      | Reached skill level 10 in Fire Magic
  8634 | D:8      | Reached XP level 10. HP: 49/50 MP: 6/24
  8821 | D:8      | Reached **** piety under Vehumet
  9079 | D:8      | Found a white marble altar of Elyvilon.
  9237 | D:9      | Offered knowledge of Stone Arrow by Vehumet.
  9282 | D:9      | Reached skill level 11 in Fire Magic
  9454 | D:9      | Found a shadowy altar of Dithmenos.
  9462 | D:9      | Found an iron altar of Okawaru.
  9594 | D:9      | Noticed Psyche
  9598 | D:9      | Killed Psyche
  9598 | D:9      | Noticed Pikel
  9600 | D:9      | Killed Pikel
  9850 | D:10     | Entered Level 10 of the Dungeon
  9850 | D:10     | Noticed a two-headed ogre
  9853 | D:10     | Killed a two-headed ogre
  9853 | D:10     | Reached skill level 12 in Fire Magic
 10195 | D:10     | Reached XP level 11. HP: 54/54 MP: 10/25
 10770 | D:10     | Found a staircase to the Lair.
 10783 | Lair:1   | Entered Level 1 of the Lair of Beasts
 10868 | Lair:1   | Reached skill level 1 in Evocations
 10911 | Lair:1   | Noticed a six-headed hydra
 11047 | Lair:1   | Reached skill level 5 in Evocations
 11323 | Lair:1   | Reached skill level 13 in Fire Magic
 11450 | Lair:1   | Demolished by a polar bear

Skill      XL: |  1  2  3  4  5  6  7  8  9 10 11 |
---------------+----------------------------------+-----
Conjurations   | 2 4 6 7 9 |  9.9
Shields        | 1 3 4 |  4.0
Spellcasting   | 4 5 6 8 |  8.2
Fire Magic     | 5 6 7 10 12 13 | 13.2
Hexes          | 6 |  6.0
Evocations     | 6 |  6.1
Dodging        | |  2.4
Stealth        | |  2.4

Action                   |  1- 3 |  4- 6 |  7- 9 | 10-12 || total
-------------------------+-------+-------+-------+-------++-------
 Fire: Hunting sling     |     7 |     3 |    61 |    20 ||    91
 Cast: Flame Tongue      |    61 |    86 |   202 |    85 ||   434
       Conjure Flame     |       |     6 |    14 |    18 ||    38
       Throw Flame       |       |     3 |    31 |    16 ||    50
       Sticky Flame      |       |     2 |    13 |    26 ||    41
       Inner Flame       |       |     1 |    13 |     6 ||    20
       Fireball          |       |       |    13 |    35 ||    48
       Sandblast         |       |       |    40 |    16 ||    56
  Use: Scroll            |       |     1 |    12 |     2 ||    15
  Eat: Chunk             |     2 |     5 |    11 |    17 ||    35
       Ration            |       |       |     3 |       ||     3
Armor: Robe              |    14 |     4 |    42 |    30 ||    90
Dodge: Dodged            |    18 |    21 |    79 |    71 ||   189
Block: Buckler           |     6 |     8 |    43 |    32 ||    89
       Reflection        |       |       |     2 |       ||     2
